 Dungeon Crawl Stone Soup version 0.14-a0-1773-ge500af7 (webtiles) character file.

29410 Jenx the Bludgeoner (level 13, -1/82 HPs)
             Began as a Gargoyle Fighter on Jan 7, 2014.
             Was the Champion of Okawaru.
             Slain by Snorg (15 damage)
             ... on Level 5 of the Lair of Beasts.
             The game lasted 01:00:58 (16191 turns).

Jenx the Bludgeoner (Gargoyle Fighter)             Turns: 16191, Time: 01:00:58

HP  -1/82        AC 39     Str 21      XL: 13   Next: 41%
MP  25/25        EV  4     Int  9      God: Okawaru [******]
Gold 572         SH 38     Dex 13      Spells:  0 memorised, 12 levels left

rFire  . . .     SeeInvis +     a - +0,+1 orc morningstar
rCold  . . .     Clarity  .     j - +0 dwarf plate armour
rNeg   + . .     Conserve .     m - +0 large shield
rPois  +         rCorr    .     Y - -1 helmet
rElec  +         rRot     +     v - +1 cloak
SustAb . .       Spirit   .     y - +1 pair of gloves "Cruonu" {MR++ SInv Curse}
rMut   .         Warding  .     z - +1 pair of boots {run}
Saprov . . .     Stasis   .     (no amulet)
                                E - +5,+6 ring of slaying
                                V - +3 ring of protection

@: heroism, quick, very resistant to hostile enchantments, extremely unstealthy
A: life protection 1, electricity resistance, unbreathing, petrification
resistance, AC +9
a: Heroism, Finesse, Renounce Religion


You were on level 5 of the Lair of Beasts.
You worshipped Okawaru.
Okawaru was exalted by your worship.
You were not hungry.

You visited 3 branches of the dungeon, and saw 17 of its levels.
You visited the Abyss 1 time.

You collected 835 gold pieces.
You spent 263 gold pieces at shops.

Inventory:

Hand weapons
 a - a +0,+1 orcish morningstar (weapon)
 b - a +2,+1 whip of freezing
Missiles
 s - 39 poisoned needles
Armour
 j - a +0 dwarven plate armour (worn)
 m - a +0 large shield (worn)
 v - a +1 cloak (worn)
 y - the +1 pair of gloves "Cruonu" (worn) {MR++ SInv Curse}
   (Okawaru gifted it to you on level 5 of the Lair of Beasts)

   It affects your resistance to hostile enchantments.
   It enhances your eyesight.
   It may recurse itself.
 z - a +1 pair of boots of running (worn)
 Y - a -1 helmet (worn)
Magical devices
 k - a wand of magic darts (12)
 n - a wand of paralysis (5)
 p - a wand of teleportation (2)
 t - a wand of random effects (13)
 u - a wand of fireball (5)
 I - a wand of digging (3)
 O - a wand of digging (7)
Comestibles
 d - 7 bread rations
 f - a rotting chunk of hound flesh
 h - a choko
 w - a pear
 x - a rotting chunk of giant gecko flesh
 B - 9 meat rations
 C - 5 strawberries
 J - 2 chunks of giant frog flesh
 T - 6 cheeses
Scrolls
 i - a scroll of blinking
 o - a scroll of fear
 q - 3 scrolls of remove curse
 A - a scroll of recharging
Jewellery
 l - an uncursed ring of protection from fire
 E - a +5,+6 ring of slaying (right hand)
 H - a cursed ring of teleportation {unknown}
 V - a +3 ring of protection (left hand)
Potions
 e - 5 potions of curing
 g - a potion of paralysis {unknown}
 r - a potion of might
 D - a potion of lignification {unknown}
 F - a potion of agility {unknown}


   Skills:
 - Level 10.3(15.3) Fighting
 - Level 16.2(21.2) Maces & Flails
 - Level 10.7(15.7) Armour
 + Level 7.9(12.9) Shields
 - Level 8.3 Invocations


You had 12 spell levels left.
You didn't know any spells.

Dungeon Overview and Level Annotations

Branches:
Dungeon (11/16)            Temple (1/1) D:6             Orc (0/4) D:10
   Lair (5/8) D:11          Swamp (0/5) Lair:5       Spider (0/5) Lair:3

Altars:
Ashenzari
Cheibriados
Elyvilon
Fedhas
Kikubaaqudgha
Makhleb
Nemelex Xobeh
Okawaru
Sif Muna
Trog
Vehumet
Xom
Yredelemnul
Zin
the Shining One

Shops:
D:4 [   D:11 *

Annotations:
Lair:2 exclusion: oklob plant
Lair:5 Snorg


Innate Abilities, Weirdness & Mutations

You are resistant to torment.
You are immune to poison.
Your stone body is very resilient (AC +9).
You resist negative energy.
You are resistant to electric shocks.
You can survive without breathing.
You are immune to petrification.


Message History

Snorg bites you!
* * * LOW HITPOINT WARNING * * *
You block Snorg's attack.
Drink which item? (? for menu, Esc to quit)
You feel better. Snorg bites you but does no damage. You block Snorg's attack.
You block Snorg's attack. Snorg bites you but does no damage. Snorg claws you!
* * * LOW HITPOINT WARNING * * *
Snorg claws you but does no damage.
You sock Snorg!
Snorg is severely wounded.
You block Snorg's attack. Snorg completely misses you.
You bludgeon Snorg!!
Snorg is almost dead.
You block Snorg's attack. Snorg claws you but does no damage. Snorg claws you.
* * * LOW HITPOINT WARNING * * *
Drink which item? (? for menu, Esc to quit)
You feel better. You block Snorg's attack. Snorg barely misses you.
Snorg completely misses you. You block Snorg's attack. Snorg claws you!
You die...

.###.#.##............#
..###...#............
......................
###.....##...........(.
##..#.##............#
####.#............#
####...........#
####....T...##
##..@.....# #####..#.#
##


You could see Snorg (berserk).

Vanquished Creatures
  Gastronok (D:8)
  Josephine (D:10)
  3 hydras
  An unseen horror (D:11)
  Pikel (D:7)
  A hill giant (D:11)
  Joseph (D:9)
  2 cyclopes (D:11)
  The ghost of mopl the Archer, an experienced CeHu (D:5)
  4 black mambas
  5 elephants (Lair:5)
  Maurice (D:11)
  7 spiny frogs
  A feature mimic (D:10)
  3 trolls (D:10)
  A polar bear (Lair:4)
  10 blink frogs
  4 komodo dragons
  A raven (D:9)
  2 boulder beetles
  A shadow (D:11)
  A basilisk (D:11)
  5 yaks (Lair:1)
  A chaos spawn (Abyss:1)
  7 hippogriffs
  3 hill giant zombies
  Eustachio (D:7)
  A necrophage (D:10)
  A hill giant skeleton (D:9)
  6 wolves (Lair:1)
  3 sky beasts
  6 porcupines
  2 slaves (D:7)
  3 black bears
  6 ogres
  A phantom (D:4)
  A centaur (D:10)
  A boring beetle (Lair:5)
  5 orc warriors
  An ice beast (D:9)
  Duvessa (D:7)
  4 crocodiles
  17 giant frogs
  4 giant slugs
  6 agate snails
  5 water moccasins
  A gnoll sergeant (D:9)
  A jelly (D:9)
  A wyvern zombie (D:10)
  A yak zombie (D:10)
  A troll zombie (D:8)
  3 troll skeletons
  2 goliath beetles (Lair:3)
  Dowan (D:7)
  9 hounds
  A giant frog zombie (D:5)
  2 gnoll shamans
  2 centaur zombies
  4 crimson imps
  2 giant frog skeletons
  5 orc priests
  A water moccasin zombie (D:6)
  14 iguanas
  An orange rat (D:7)
  8 orc wizards
  5 scorpions
  15 sheep
  16 worker ants
  A killer bee zombie (D:5)
  A sky beast zombie (D:10)
  A big kobold skeleton (D:10)
  A hound zombie (D:6)
  A mummy (D:10)
  55 green rats
  19 gnolls
  2 worker ant zombies
  22 adders
  2 giant centipedes
  An inept item mimic (D:7)
  A goliath beetle zombie (D:10)
  4 giant mites
  7 worms
  3 ufetubi (Abyss:1)
  An adder zombie (D:9)
  An adder skeleton (D:4)
  A giant eyeball (Abyss:1)
  7 giant geckos
  2 oozes
  34 orcs
  2 bat skeletons
  8 giant cockroaches
  13 goblins
  4 grey rats (D:7)
  10 hobgoblins
  25 jackals
  13 quokkas
  18 bats
  3 giant newts
  A goblin skeleton (D:3)
  A hobgoblin zombie (D:7)
  18 kobolds
  2 orc skeletons
  A quokka skeleton (D:6)
  28 rats
  A fungus (Lair:4)
555 creatures vanquished.

Vanquished Creatures (others)
  A gnoll (D:5)
  A kobold zombie (D:7)
  A fungus (Lair:3)
3 creatures vanquished.

Grand Total: 558 creatures vanquished

Notes
Turn   | Place    | Note
--------------------------------------------------------------
     0 | D:1      | Jenx, the Gargoyle Fighter, began the quest for the Orb.
     0 | D:1      | Reached XP level 1. HP: 14/14 MP: 1/1
   277 | D:1      | Reached XP level 2. HP: 19/19 MP: 2/2
   642 | D:1      | Found a shimmering altar of Xom.
   827 | D:2      | Reached XP level 3. HP: 23/23 MP: 3/3
   921 | D:2      | Reached skill level 4 in Maces & Flails
  1371 | D:2      | Reached XP level 4. HP: 25/28 MP: 4/4
  1851 | D:3      | Reached skill level 5 in Maces & Flails
  2232 | D:3      | Reached XP level 5. HP: 32/32 MP: 5/5
  2410 | D:4      | Reached skill level 6 in Maces & Flails
  2551 | D:4      | Found Mnamyl's Armour Emporium.
  2563 | D:4      | Bought a +0 pair of elven gloves for 24 gold pieces
  2654 | D:4      | Noticed a phantom
  2655 | D:4      | Reached XP level 6. HP: 37/37 MP: 6/6
  2674 | D:4      | Killed a phantom
  2674 | D:4      | Reached skill level 7 in Maces & Flails
  3022 | D:4      | Found a burning altar of Makhleb.
  3026 | D:4      | Reached skill level 8 in Maces & Flails
  3026 | D:4      | Reached XP level 7. HP: 41/41 MP: 7/7
  3060 | D:5      | Entered Level 5 of the Dungeon
  3304 | D:5      | Found a white marble altar of Elyvilon.
  3412 | D:5      | Noticed mopl's ghost (experienced CeHu)
  3438 | D:5      | Killed mopl's ghost
  3438 | D:5      | Reached skill level 10 in Maces & Flails
  3438 | D:5      | Reached XP level 8. HP: 42/46 MP: 8/8
  4205 | D:6      | Reached skill level 11 in Maces & Flails
  4404 | D:6      | Found a staircase to the Ecumenical Temple.
  4411 | Temple   | Entered the Ecumenical Temple
  4459 | Temple   | Became a worshipper of Warmaster Okawaru
  4602 | D:6      | Reached skill level 12 in Maces & Flails
  4669 | D:6      | Reached XP level 9. HP: 42/51 MP: 9/9
  4964 | D:7      | Noticed Duvessa
  4967 | D:7      | Noticed Dowan
  5034 | D:7      | Noticed Eustachio
  5074 | D:7      | Killed Eustachio
  5275 | D:7      | Killed Duvessa
  5275 | D:7      | Acquired Okawaru's first power
  5300 | D:7      | Killed Dowan
  5300 | D:7      | Reached skill level 13 in Maces & Flails
  5374 | D:7      | Reached skill level 1 in Invocations
  6057 | D:7      | Noticed Pikel
  6090 | D:7      | Killed Pikel
  6107 | D:7      | Reached XP level 10. HP: 56/56 MP: 17/17
  6346 | D:8      | Reached skill level 14 in Maces & Flails
  6692 | D:8      | Found a snail-covered altar of Cheibriados.
  6731 | D:8      | Found a basalt altar of Yredelemnul.
  7015 | D:8      | Noticed Gastronok
  7079 | D:8      | Killed Gastronok
  7079 | D:8      | Reached skill level 15 in Maces & Flails
  7541 | D:9      | Noticed Joseph
  8026 | D:9      | Killed Joseph
  8026 | D:9      | Reached skill level 16 in Maces & Flails
  8156 | D:9      | Reached XP level 11. HP: 56/60 MP: 18/18
  8200 | D:9      | Noticed Psyche
  8226 | D:9      | Cast into the Abyss (Psyche)
  8311 | Abyss:1  | Paralysed by a giant eyeball for 3 turns
  8398 | D:9      | Escaped the Abyss
  8407 | D:9      | Noticed Psyche
  8407 | D:9      | Psyche changed into Psyche the raven
  8414 | D:9      | Killed Psyche the raven
  8602 | D:10     | Entered Level 10 of the Dungeon
  8615 | D:10     | Reached skill level 5 in Fighting
  8742 | D:10     | Found a staircase to the Orcish Mines.
  8793 | D:10     | Noticed Josephine
  8825 | D:10     | Killed Josephine
  9745 | D:10     | Acquired Okawaru's second power
 10172 | D:11     | Found Cryrchi's General Store.
 10180 | D:11     | Bought a scroll of enchant weapon II for 82 gold pieces
 10180 | D:11     | Bought a potion of heal wounds for 45 gold pieces
 10180 | D:11     | Bought a scroll of blinking for 82 gold pieces
 10180 | D:11     | Bought a scroll of identify for 30 gold pieces
 10182 | D:11     | Noticed a hill giant
 10195 | D:11     | Killed a hill giant
 10597 | D:11     | Noticed Maurice
 10613 | D:11     | Killed Maurice
 10624 | D:11     | Reached skill level 10 in Fighting
 10790 | D:11     | Killed an unseen horror
 10790 | D:11     | Received a gift from Okawaru
 10790 | D:11     | Reached skill level 5 in Invocations
 10793 | D:11     | Got a pitted bardiche {god gift}
 10973 | D:11     | Identified the +5,-3 bardiche of Domination {chop, Stlth++} (Okawaru gifted it to you on level 11 of the Dungeon)
 10984 | D:11     | Found a staircase to the Lair.
 10994 | Lair:1   | Entered Level 1 of the Lair of Beasts
 11202 | Lair:1   | Reached XP level 12. HP: 48/77 MP: 18/22
 12551 | Lair:2   | Got a faintly glowing ring mail
 12585 | Lair:2   | Reached skill level 5 in Armour
 12672 | Lair:2   | Identified the cursed -5 ring mail "Beitit" {MR++ Dex+3 Acc+4} (You found it on level 2 of the Lair of Beasts)
 13497 | Lair:3   | Received a gift from Okawaru
 13509 | Lair:3   | Identified a +0 pair of boots of running (Okawaru gifted it to you on level 3 of the Lair of Beasts)
 13612 | Lair:3   | Found a hole to the Spider Nest.
 14170 | Lair:3   | Noticed a five-headed hydra
 14176 | Lair:3   | Killed a five-headed hydra
 14597 | Lair:3   | Reached skill level 10 in Armour
 14884 | Lair:4   | Reached XP level 13. HP: 82/82 MP: 25/25
 15053 | Lair:4   | Found a snail-covered altar of Cheibriados.
 15090 | Lair:4   | Noticed an eight-headed hydra
 15096 | Lair:4   | Killed an eight-headed hydra
 15265 | Lair:4   | Reached skill level 5 in Shields
 15356 | Lair:4   | Noticed a seven-headed hydra
 15364 | Lair:4   | Killed a seven-headed hydra
 15626 | Lair:5   | Received a gift from Okawaru
 15630 | Lair:5   | Got a pair of encrusted gloves {god gift}
 15634 | Lair:5   | Identified the +1 pair of gloves "Cruonu" {MR++ SInv Curse} (Okawaru gifted it to you on level 5 of the Lair of Beasts)
 15651 | Lair:5   | Found a staircase to the Swamp.
 16170 | Lair:5   | Noticed Snorg
 16191 | Lair:5   | Slain by Snorg

Action                   |  1- 3 |  4- 6 |  7- 9 | 10-12 | 13-15 || total
-------------------------+-------+-------+-------+-------+-------++-------
Melee: Mace              |   138 |   138 |       |       |       ||   276
       Flail             |       |    56 |    64 |       |       ||   120
       Whip              |       |       |   382 |  1341 |       ||  1723
       Morningstar       |       |       |       |    10 |   304 ||   314
Throw: Dart              |       |       |     3 |       |       ||     3
       Javelin           |       |       |       |    12 |     4 ||    16
Invok: Heroism           |       |       |       |    14 |     1 ||    15
Evoke: Wand              |       |       |     2 |    23 |     1 ||    26
  Use: Scroll            |       |     5 |     2 |    18 |     2 ||    27
       Potion            |       |       |     1 |     6 |     3 ||    10
